 Dungeon Crawl Stone Soup version 0.31-a0-851-g7ff8af7976 (webtiles) character file.

Game seed: 10343047035253300575

2822 Kurtz the Chopper (level 9, -20/67 HPs)
             Began as a Mummy Delver on Oct 6, 2023.
             Killed from afar by an acid dragon (21 damage)
             ... with a splash of acid
             ... on level 7 of the Dungeon.
             The game lasted 00:10:40 (8565 turns).

Kurtz the Chopper (Mummy Delver)                    Turns: 8565, Time: 00:10:40

Health: -20/67     AC: 13    Str: 17    XL:     9   Next: 45%
Magic:  18/18      EV:  7    Int:  9    God:
Gold:   452        SH: 12    Dex: 16    Spells: 8/8 levels left

rFire   x . .        o - +1 hand axe (venom)
rCold   + + .        v - +2 kite shield
rNeg    + + +        r - +2 chain mail {rC+}
rPois   ∞            s - +0 helmet
rElec   .            (no cloak)
rCorr   .            w - +0 pair of gloves
SInv    .            (no boots)
Will    +....        (no amulet) Stlth
                     h - ring of magical power
HPRegen 0.31/turn    (no ring)
MPRegen 0.16/turn

%: faith
@: no status effects
A: cold resistance 1, negative energy resistance 3, torment resistance 2, heat
vulnerability 1, in touch with death 1, no potions, faith
a: no special abilities


You were on level 7 of the Dungeon.
You visited 1 branch of the dungeon, and saw 7 of its levels.
You also visited: Ossuary.

You collected 452 gold pieces.

Inventory:

Hand Weapons
 a - a +0 hand axe
 o - a +1 hand axe of venom (weapon)
Missiles
 k - 3 boomerangs
 l - 4 poisoned darts (quivered)
 q - 2 atropa-tipped darts
Armour
 r - a +2 chain mail of cold resistance (worn)
 s - a +0 helmet (worn)
 v - a +2 kite shield (worn)
 w - a +0 pair of gloves (worn)
Jewellery
 h - a ring of magical power (left hand)
 n - a ring of ice
Wands
 f - a wand of digging (2)
 z - a wand of mindburst (7)
Scrolls
 b - 2 scrolls of teleportation {unknown}
 d - a scroll of revelation
 g - 5 scrolls of poison {unknown}
 i - a scroll of silence {unknown}
 j - 2 scrolls of blinking {unknown}
 m - 5 scrolls of identify {unknown}
 p - a scroll of acquirement {unknown}
 t - a scroll of noise {unknown}
 u - a scroll of enchant armour {unknown}
 y - a scroll of brand weapon {unknown}
 A - a scroll of butterflies {unknown}
 B - a scroll of amnesia {unknown}
Miscellaneous
 x - a sack of spiders (inert)


   Skills:
 - Level 4.8 Fighting
 * Level 7.5 Axes
 - Level 3.9 Armour
 - Level 3.0 Dodging
 - Level 4.1 Stealth
 - Level 5.4 Shields


You had 8 spell levels left.
You didn't know any spells.
Your spell library contained the following spells:

 Spells                   Type           Power      Damage    Failure   Level
 Tukima's Dance           Hex            0%         N/A       100%        3
 Passage of Golubria      Tloc           0%         N/A       100%        4
 Yara's Violent Unravell  Hex/Tmut       0%         3d3       100%        5
 Haunt                    Necr/Summ      0%         N/A       100%        7
 Borgnjor's Revivificati  Necr           Unusable   N/A       N/A         8
 Death's Door             Necr           Unusable   N/A       N/A         9

Dungeon Overview and Level Annotations

Branches:
Dungeon (7/15)            Ossuary (visited)
 Temple: D:4-7

Altars:
Dithmenos
Hepliaklqana
Sif Muna
Trog
Xom
Yredelemnul

Shops:
D:1 ?   D:7 =

Annotations:
D:3 1 runed translucent door, Crazy Yiuf
D:6 exclusion: downstairs


Innate Abilities, Weirdness & Mutations

You are immune to poison.
Your flesh is cold resistant. (rC+)
You are immune to negative energy. (rN+++)
You are immune to unholy pain and torment.
You are vulnerable to heat. (rF-)
You are in touch with the powers of death.
You do not drink.
You have a special connection with the divine. (Faith)


Message History

The centaur is heavily wounded.
The centaur barely misses you.
The centaur kicks you but does no damage.
The acid dragon spits acid at you. The splash of acid hits you!!
* * * LOW HITPOINT WARNING * * *
A white imp comes into view.
You block the centaur's attack. The centaur kicks you.
* * * LOW HITPOINT WARNING * * *
Okay, then.
The centaur barely misses you.
The centaur kicks you but does no damage.
You block the centaur's attack.
The centaur kicks you but does no damage.
The white imp laughs crazily.
The kobold throws a stone.
The stone hits you but does no damage.
The centaur hits you but does no damage.
You block the centaur's attack.
As you read the scroll of fog, it dissolves into smoke.
You block the centaur's attack. The centaur closely misses you.
The kobold throws a stone.
You block the stone. The centaur attacks as it pursues you!
You block the centaur's attack. x2
The centaur hits you but does no damage.
The centaur kicks you but does no damage.
The centaur wields a +0 shortbow.
The centaur shoots an arrow.
You block the arrow.
The centaur shoots an arrow.
The arrow hits you.
* * * LOW HITPOINT WARNING * * *
The acid dragon spits acid at you. The splash of acid hits you!
* * * LOW HITPOINT WARNING * * *
You hear a shout!
The centaur shoots an arrow.
The arrow hits you.
* * * LOW HITPOINT WARNING * * *
The centaur shoots an arrow.
You block the arrow.
The gnoll bouda seems to regain its courage.
The centaur shoots an arrow.
You block the arrow. The acid dragon spits acid at you.
The splash of acid hits you!!
You die...

.... .... .... ... ......
## #.# .....#.. #..##
........ #...##
....#.###### #....#
...§§##....##
....####.#§§§§..@.<#
.......#.#§§c§.##..g).....
...###.#.#§§D§§....#......
...##.).§§§§K§§...##..##..
......#..§#§§§........#
.....###K##........#.##
o.Jo.##.K.####.....# #
.....#.5#.K# #.....#
.....##. K## #......


You could see an acid dragon (catching breath), a kobold brigand, a centaur and
a gnoll bouda.

Vanquished Creatures
  Grinder (D:3)
  Sigmund (D:3)
  Edmund (D:4)
  An ice beast (D:5)
  An orc warrior (D:6)
  A black bear (D:6)
  An ogre (D:5)
  4 phantoms
  A bullfrog (D:3)
  A gnoll sergeant (D:4)
  3 scorpions
  5 water moccasin zombies (Ossuary)
  A howler monkey (D:6)
  5 hounds
  3 orc priests
  A sleepcap (D:5)
  Jessica (D:3)
  Natasha (thrice) (D:2)
  7 orc wizards
  Terence (D:3)
  2 mummies (Ossuary)
  Robin (D:4)
  4 gnolls
  9 adders
  A white imp (D:6)
  2 ufetubi
  6 adder zombies (Ossuary)
  A worm (D:2)
  A dart slug (D:1)
  23 orcs
  12 endoplasms
  2 giant cockroaches
  3 gnoll zombies (Ossuary)
  13 goblins
  11 hobgoblins
  10 jackals
  7 kobolds
  9 quokkas
  7 ball pythons
  7 bats
  2 frilled lizards (D:1)
  2 hobgoblin zombies (Ossuary)
  8 kobold zombies (Ossuary)
  4 orc zombies (Ossuary)
  4 rats
194 creatures vanquished.

Vanquished Creatures (collateral kills)
  An ice beast (D:6)
  A jelly (D:6)
  A white imp (D:6)
3 creatures vanquished.

Grand Total: 197 creatures vanquished

Notes
Turn   | Place    | Note
-------+----------+-------------------------------------------
     0 | D:5      | Kurtz the Mummy Delver began the quest for the Orb.
     0 | D:5      | Reached XP level 1. HP: 18/18 MP: 1/1
    12 | D:5      | Noticed an ice beast
    92 | D:4      | Noticed Robin
   291 | D:2      | Reached skill level 2 in Axes
   291 | D:2      | Reached XP level 2. HP: 9/24 MP: 2/2
   536 | D:1      | Reached XP level 3. HP: 11/29 MP: 3/3
   646 | D:1      | Reached skill level 3 in Axes
   807 | D:1      | Found Liet's Magic Scroll Shop.
  1370 | D:2      | Noticed Natasha
  1382 | D:2      | Killed Natasha
  1383 | D:2      | Reached XP level 4. HP: 3/35 MP: 4/4
  1799 | D:2      | Noticed Natasha
  1806 | D:2      | Killed Natasha
  1957 | D:2      | Reached skill level 4 in Axes
  2101 | D:2      | Noticed Natasha
  2125 | D:2      | Killed Natasha
  2126 | D:2      | Reached skill level 1 in Armour
  2126 | D:2      | Reached XP level 5. HP: 19/41 MP: 5/5
  2223 | D:3      | Noticed Terence
  2234 | D:3      | Killed Terence
  2235 | D:3      | Found a shimmering blue altar of Sif Muna.
  2354 | D:3      | Noticed Grinder
  2362 | D:3      | Paralysed by Grinder for 2 turns
  2369 | D:3      | Paralysed by Grinder for 4 turns
  2372 | D:3      | Killed Grinder
  2373 | D:3      | Reached skill level 5 in Axes
  2373 | D:3      | Reached XP level 6. HP: 37/47 MP: 6/6
  2536 | D:3      | Noticed Sigmund
  2546 | D:3      | Killed Sigmund
  2547 | D:3      | Reached XP level 7. HP: 44/53 MP: 7/7
  2713 | D:3      | Found a runed translucent door.
  2714 | D:3      | Noticed Crazy Yiuf
  2742 | D:3      | Noticed Jessica
  2750 | D:3      | Killed Jessica
  3336 | D:4      | Found a shadowy altar of Dithmenos.
  4146 | D:4      | Found a hazy altar of Hepliaklqana.
  4246 | D:4      | Reached skill level 6 in Axes
  4492 | D:4      | Noticed Edmund
  4506 | D:4      | Killed Edmund
  4507 | D:4      | Reached XP level 8. HP: 37/60 MP: 8/8
  4888 | D:4      | Found a basalt altar of Yredelemnul.
  4894 | D:4      | Found a bloodstained altar of Trog.
  4897 | D:4      | Found a shimmering altar of Xom.
  5337 | D:4      | Killed Robin
  6216 | D:5      | Reached skill level 1 in Shields
  7081 | D:6      | Found a sand-covered staircase.
  7090 | Ossuary  | Entered an ossuary
  7246 | Ossuary  | Reached skill level 7 in Axes
  7246 | Ossuary  | Reached XP level 9. HP: 50/67 MP: 9/9
  7933 | D:6      | Reached skill level 5 in Shields
  8427 | D:7      | Found Elual's Jewellery Shop.
  8563 | D:7      | HP: 2/67 [acid dragon/splash of acid (13)]
  8565 | D:7      | Killed from afar by an acid dragon

Illustrated notes

Levels and vault maps discovered:
D:1:      arrival_zaba_pyramid, layout_basic, serial_shops,
          nicolae_shop_rolled_up, st_stairs_8
D:2:      minmay_chambers_of_ones, layout_loops_ring, uniq_natasha
D:3:      layout_loops_ring, mainiacjoe_overflow_small_starburst,
          kennysheep_boxes, uniq_jessica, uniq_grinder, uniq_terence,
          uniq_sigmund, uniq_crazy_yiuf_cottage
D:4:      wad_pebble_path, layout_layer_cave,
          mainiacjoe_overflow_concentric_impassable, amcnicky_altar_gilded,
          minmay_overflow_temple_star_quad, serial_park_tiny_1,
          serial_bayou_pond_a, minmay_hedge_maze, st_stairs_13,
          corexii_leaking_fountain, uniq_edmund, uniq_robin
D:5:      layout_basic, st_stairs_4, palyth_stone_intersect,
          hangedman_abyss_or_decor_lesser_grid, grunt_ministairs_2
D:6:      layout_cave_pods, enter_ossuary_3, serial_column_ruins,
          column_ruins_square_medium, column_ruins_grid_3,
          column_ruins_columns_corner, column_ruins_grid_4,
          column_ruins_open_medium, column_ruins_grid_3,
          column_ruins_open_medium, nicolae_fountain_basement
D:7:      minmay_spotlight, layout_cave_pools, minmay_temple_entry_glassed_door,
          serial_shops, nicolae_shop_gaudy_bauble

Skill      XL: |  1  2  3  4  5  6  7  8  9 |
---------------+----------------------------+-----
Axes           | 2 3 4 5 6 7 |  7.5
Armour         | 1 2 3 |  3.9
Dodging        | 2 3 |  3.0
Fighting       | 4 |  4.8
Shields        | 3 5 |  5.4
Stealth        | |  4.1

Action                     |  1- 3 |  4- 6 |  7- 9 || total
---------------------------+-------+-------+-------++-------
  Melee: Hand axe          |   105 |    96 |   611 ||   812
         Punch             |       |     2 |     4 ||     6
  Throw: Dart              |       |     5 |     4 ||     9
  Evoke: Wand              |       |       |     1 ||     1
         Sack of spiders   |       |       |     1 ||     1
    Use: Scroll            |       |       |     3 ||     3
   Stab: Sleeping          |     1 |       |       ||     1
 Armour: Ring mail         |    38 |       |       ||    38
         Leather armour    |     2 |       |       ||     2
         Chain mail        |    43 |    69 |   420 ||   532
  Dodge: Dodged            |    62 |    36 |   154 ||   252
  Block: Kite shield       |       |       |   186 ||   186

Table legend: (Time is in decaauts)
 A = Elapsed time spent in this place.
 B = Non-inter-level travel time spent in this place.
 C = Inter-level travel time spent in this place.
 D = Time resting spent in this place.
 E = Time spent auto-exploring this place.
 F = Levels seen in this place.
 G = Mean time per level.
                   A        B        C        D        E       F      G
               +--------+--------+--------+--------+--------+-----+--------+
         Total |   8667 |   8289 |    378 |   1891 |   4545 |   8 | 1083.4 |
       Dungeon |   8181 |   7803 |    378 |   1720 |   4434 |   7 | 1168.7 |
       Ossuary |    485 |    485 |      0 |    171 |    111 |   1 |  485.0 |
               +--------+--------+--------+--------+--------+-----+--------+

Top non-repeatable levels by time:
     D:4: 2453 daAuts
     D:5: 1361 daAuts
     D:3: 1215 daAuts
     D:2: 1081 daAuts
     D:1: 973 daAuts
     D:6: 931 daAuts
 Ossuary: 485 daAuts
     D:7: 165 daAuts
